 Dungeon Crawl Stone Soup version 0.20.1-1-g8b1a95d (webtiles) character file.

42 Monsterracer the Conjurer (level 3, -1/26 HPs)
             Began as a Demigod Conjurer on Sept 6, 2017.
             Slain by a gnoll
             ... wielding a +0 club
              (7 damage)
             ... on level 2 of the Dungeon.
             The game lasted 00:01:50 (1309 turns).

Monsterracer the Conjurer (Demigod Conjurer)        Turns: 1309, Time: 00:01:51

Health: -1/26      AC:  2    Str: 11    XL:     3   Next: 19%
Magic:  4/9        EV: 12    Int: 21    God:
Gold:   59         SH:  0    Dex: 16    Spells: 4/7 levels left

rFire    . . .     SeeInvis .   e - +0 spear
rCold    . . .     Gourm    .   (no shield)
rNeg     . . .     Faith    .   a - +0 robe
rPois    .         Spirit   .   (no helmet)
rElec    .         Reflect  .   (no cloak)
rCorr    .         Harm     .   (no gloves)
MR       .....                  (no boots)
Stlth    ++........             (no amulet)
Regen    0.1/turn               (no ring)
MPRegen  0.2/turn               (no ring)

@: no status effects
A: high mp 1
a: no special abilities


You were on level 2 of the Dungeon.
You were not hungry.

You visited 1 branch of the dungeon, and saw 2 of its levels.

You collected 59 gold pieces.

Inventory:

Hand Weapons
 e - a +0 spear (weapon)
 h - a +4 dagger
Armour
 a - a +0 robe (worn)
Scrolls
 d - a scroll of remove curse {unknown}
 f - 2 scrolls of teleportation {unknown}
 i - a scroll of noise {unknown}
 k - a scroll of blinking {unknown}
Potions
 g - a potion of heal wounds {unknown}
 j - a potion of berserk rage {unknown}
 m - a potion of experience {unknown}
Books
 b - a book of Conjurations

   Spells                             Type                      Level
   a - Magic Dart                     Conjuration                  1
   b - Searing Ray                    Conjuration                  2
   c - Dazzling Spray                 Conjuration/Hexes            3
   d - Fulminant Prism                Conjuration/Hexes            4
   e - Force Lance                    Conjuration/Translocation    4
   f - Iskenderun's Mystic Blast      Conjuration                  4
Comestibles
 c - 3 bread rations
 l - 3 royal jellies


   Skills:
 - Level 1.7 Dodging
 - Level 1.7 Stealth
 + Level 2.5 Spellcasting
 * Level 4.2 Conjurations


You had 4 spell levels left.
You knew the following spells:

 Your Spells              Type           Power        Failure   Level  Hunger
a - Magic Dart            Conj           ###.         2%          1    None
b - Searing Ray           Conj           ###...       3%          2    ##.....


Dungeon Overview and Level Annotations

Branches:
Dungeon (2/15)


Innate Abilities, Weirdness & Mutations

You have an increased reservoir of magic. (+10% MP)


Message History

Your experience leads to a dramatic increase in your attributes!
Increase (S)trength, (I)ntelligence, or (D)exterity?
You feel clever. x2
You finish channeling your searing ray.
The gnoll hits you.
You hit the gnoll.
The gnoll is almost dead.
The gnoll hits you.
* * * LOW HITPOINT WARNING * * *
Huge Dmg: -23%(-6hp) hp: 43%(11hp)
You are feeling hungry.
The gnoll misses you.
You see here a rat corpse.
You butcher the rat corpse.
The gnoll hits you.
* * * LOW HITPOINT WARNING * * *
You see here a chunk of flesh.
Huge Dmg: -23%(-6hp) hp: 24%(6hp) Eat a chunk of flesh? (ye/n/q)
You eat the chunk of flesh.
This raw flesh tastes terrible.
The gnoll hits you with a club!
You die...

....>.....#.....##..
##
#.......#...####...
..
#................#
#...............##
#######..........#
#...........#
#.#.........#
#..#.........#
...##..@......# .###
#..gg.....#
#..g......#
#.........#
####.........#
.............####
#..............#
#..........###...#
..####.##### #.#


You could see 3 gnolls.

Vanquished Creatures
  A gnoll (D:2)
  3 dart slugs (D:1)
  2 leopard geckos
  A giant cockroach (D:1)
  3 goblins
  3 hobgoblins (D:1)
  3 jackals (D:2)
  4 kobolds
  A quokka (D:2)
  2 rats (D:2)
23 creatures vanquished.

Notes
Turn   | Place    | Note
-------+----------+-------------------------------------------
     0 | D:1      | Monsterracer the Demigod Conjurer began the quest for the Orb.
     0 | D:1      | Reached XP level 1. HP: 14/14 MP: 5/5
   486 | D:1      | Reached XP level 2. HP: 20/20 MP: 2/7
   490 | D:1      | Learned a level 2 spell: Searing Ray
  1063 | D:2      | Reached skill level 4 in Conjurations
  1297 | D:2      | Reached XP level 3. HP: 18/26 MP: 3/9
  1299 | D:2      | HP: 11/26 [gnoll (6)]
  1308 | D:2      | HP: 6/26 [gnoll (6)]
  1309 | D:2      | Slain by a gnoll

Skill      XL: |  1  2 |
---------------+-------+-----
Spellcasting   | 2 |  2.5
Conjurations   | 4 |  4.2
Dodging        | |  1.7
Stealth        | |  1.7

Action                   || total
-------------------------++-------
Melee: Spear             ||    13
 Cast: Magic Dart        ||    47
       Searing Ray       ||     2
  Eat: Chunk             ||     2
Armor: Robe              ||     8
Dodge: Dodged            ||    16
